 Dungeon Crawl Stone Soup version 0.31-a0-188-g5e087ee2ca (webtiles) character file.

Game seed: 13284360452100686753

49 qw the Shooter (level 3, -1/20 HPs)
             Began as a Deep Elf Hunter on June 22, 2023.
             Killed from afar by an orc wizard (8 damage)
             ... with a magic dart
             ... on level 2 of the Dungeon.
             The game lasted 00:00:23 (820 turns).

qw the Shooter (Deep Elf Hunter)                     Turns: 820, Time: 00:00:23

Health: -1/20      AC:  3    Str: 10    XL:     3   Next: 53%
Magic:  5/5        EV: 12    Int: 13    God:
Gold:   58         SH:  0    Dex: 18    Spells: 2/2 levels left

rFire   . . .        Y - +0 shortbow
rCold   . . .        (shield currently unavailable)
rNeg    . . .        c - +0 leather armour
rPois   .            (no helmet)
rElec   .            (no cloak)
rCorr   .            (no gloves)
SInv    .            (no boots)
Will    .....        (no amulet)
Stlth   ++           (no ring)
HPRegen 0.23/turn    (no ring)
MPRegen 0.09/turn

%: no passive effects
@: no status effects
A: no striking features
a: no special abilities


You were on level 2 of the Dungeon.
You visited 1 branch of the dungeon, and saw 2 of its levels.

You collected 58 gold pieces.


   Skills:
 - Level 1.5 Fighting
 + Level 7.1 Ranged Weapons
 - Level 2.4 Dodging
 - Level 1.2 Stealth


You had 2 spell levels left.
You didn't know any spells.
Your spell library was empty.

Inventory:

Hand Weapons
 Y - a +0 shortbow (weapon)
Armour
 c - a +0 leather armour (worn)
Scrolls
 a - 2 scrolls of identify
 b - a scroll of enchant weapon {unknown}
 f - a scroll of silence {unknown}
Potions
 d - a potion of curing {unknown}
 e - a potion of attraction {unknown}
 g - a potion of heal wounds {unknown}

Dungeon Overview and Level Annotations

Branches:
Dungeon (2/15)

Altars:


Message History

796 ||| FLEEEEING.
Something hits you but does no damage.
797 ||| FLEEEEING.
798 ||| FLEEEEING.
799 ||| FLEEEEING.
A magic dart appears from out of thin air!
The magic dart hits you.
800 ||| FLEEEEING.
801 ||| FLEEEEING.
You hear some strange, mumbled words.
Something tries to affect you, but you resist.
802 ||| FLEEEEING.
803 ||| FLEEEEING.
804 ||| STILL FLEEEEING.
A magic dart appears from out of thin air!
The magic dart hits you.
805 ||| STILL FLEEEEING.
806 ||| FLEEEEING.
807 ||| FLEEEEING.
808 ||| FLEEEEING.
809 ||| FLEEEEING.
810 ||| STILL FLEEEEING.
811 ||| STILL FLEEEEING.
812 ||| STILL FLEEEEING.
813 ||| STILL FLEEEEING.
An orc wizard appears from thin air!
Reactivating autopickup.
The orc wizard gestures at you while chanting.
The magic dart hits you!
814 ||| FLEEEEING.
815 ||| FLEEEEING.
816 ||| STILL FLEEEEING.
817 ||| STILL FLEEEEING.
You see here an adder corpse.
818 ||| STILL FLEEEEING.
819 ||| STILL FLEEEEING.
You see here a worm corpse.
820 ||| FLEEEEING.
The orc wizard gestures at you while chanting.
The magic dart hits you!
You die...

#.......#.#.....####
#..#.o...#.#.....#
#. #.#####.#...o.#
#.
#.#####.#.....#### #
#.......######...o
#%#####.# ##### #.#
#.# #%# #@# #.# #.#
#.# #.### #.# #...#
#.# #.#####.#
#.....#.# #####.#.#
#.#.#######


You could see an orc wizard.

Vanquished Creatures
  An adder (D:2)
  A worm (D:2)
  4 dart slugs (D:1)
  5 orcs (D:2)
  2 ball pythons
  2 endoplasms (D:1)
  A giant cockroach (D:1)
  2 jackals (D:2)
  A kobold (D:1)
  A quokka (D:1)
  3 bats
  A frilled lizard (D:1)
  A rat (D:1)
25 creatures vanquished.

Notes
Turn   | Place    | Note
-------+----------+-------------------------------------------
     0 | D:1      | qw the Deep Elf Hunter began the quest for the Orb.
     0 | D:1      | Reached XP level 1. HP: 12/12 MP: 3/3
     0 | D:1      | 0 ||| qw: Version: 0.3-a-9-g12657ce
     0 | D:1      | 0 ||| qw: Game counter: 2933
     0 | D:1      | 0 ||| qw: Always use a shield: true
     0 | D:1      | 0 ||| qw: God list: Okawaru
     0 | D:1      | 0 ||| qw: Allow faded altars: false
     0 | D:1      | 0 ||| qw: Do Orc after D:15 true
     0 | D:1      | 0 ||| qw: Do second Lair branch before Depths: true
     0 | D:1      | 0 ||| qw: Lair rune preference: random
     0 | D:1      | 0 ||| qw: Plans: Normal
     0 | D:1      | 0 ||| PLANNING D:1-11
   204 | D:1      | 204 ||| FLEEEEING.
   205 | D:1      | 205 ||| FLEEEEING.
   206 | D:1      | 206 ||| FLEEEEING.
   225 | D:1      | Reached skill level 6 in Ranged Weapons
   225 | D:1      | Reached XP level 2. HP: 16/16 MP: 4/4
   599 | D:1      | 599 ||| READING 2 scrolls labelled AREHUDWAROG.
   600 | D:1      | 600 ||| DROPPING scroll of butterflies.
   644 | D:2      | Reached XP level 3. HP: 20/20 MP: 5/5
   781 | D:2      | Reached skill level 7 in Ranged Weapons
   788 | D:2      | 788 ||| FLEEEEING.
   789 | D:2      | 789 ||| FLEEEEING.
   790 | D:2      | 790 ||| FLEEEEING.
   791 | D:2      | 791 ||| FLEEEEING.
   792 | D:2      | 792 ||| FLEEEEING.
   793 | D:2      | 793 ||| FLEEEEING.
   794 | D:2      | 794 ||| FLEEEEING.
   795 | D:2      | 795 ||| FLEEEEING.
   796 | D:2      | 796 ||| FLEEEEING.
   797 | D:2      | 797 ||| FLEEEEING.
   798 | D:2      | 798 ||| FLEEEEING.
   799 | D:2      | 799 ||| FLEEEEING.
   800 | D:2      | 800 ||| FLEEEEING.
   801 | D:2      | 801 ||| FLEEEEING.
   802 | D:2      | 802 ||| FLEEEEING.
   803 | D:2      | 803 ||| FLEEEEING.
   806 | D:2      | 806 ||| FLEEEEING.
   807 | D:2      | 807 ||| FLEEEEING.
   808 | D:2      | 808 ||| FLEEEEING.
   809 | D:2      | 809 ||| FLEEEEING.
   814 | D:2      | 814 ||| FLEEEEING.
   815 | D:2      | 815 ||| FLEEEEING.
   820 | D:2      | 820 ||| FLEEEEING.
   820 | D:2      | Killed from afar by an orc wizard

Levels and vault maps discovered:
D:1:      dpeg_arrival_rooms_a, layout_basic
D:2:      layout_basic, basic_ecumenical_altar, pf_guarded_unrand_delatra

Skill      XL: |  1  2  3 |
---------------+----------+-----
Ranged Weapons | 6 7 |  7.1
Fighting       | |  1.5
Dodging        | |  2.4
Stealth        | |  1.2

Action                     || total
---------------------------++-------
   Fire: Shortbow          ||    72
    Use: Scroll            ||     1
 Armour: Leather armour    ||     7
  Dodge: Dodged            ||     3

Table legend:
 A = Non-vault XP
 B = Vault XP
 C = Vault XP percentage of total XP
 D = Non-vault monster count
 E = Vault monster count
 F = Vault count percentage of total count
                 A         B        C        D         E       F
            +---------+---------+-------+---------+---------+-------
      Total |      56 |      15 |  21.1 |      20 |       5 |  20.0
            +---------+---------+-------+---------+---------+-------
        D:1 |      32 |       0 |   0.0 |      14 |       0 |   0.0
        D:2 |      24 |      15 |  38.5 |       6 |       5 |  45.5
            +---------+---------+-------+---------+---------+-------
